 Dungeon Sprint DCSS version 0.16-a0-3781-g2316936 (webtiles) character file.

2024 BluebellGnoll the Spry (level 9, -5/45 HPs)
             Began as a Deep Elf Fire Elementalist on Jan 25, 2015.
             Was a Priest of Vehumet.
             Shot with an arrow by a centaur warrior (23 damage)
             ... in the Dungeon (Sprint IX: "|||||||||||||||||||||||||||||").
             The game lasted 00:05:15 (543 turns).

BluebellGnoll the Spry (Deep Elf Fire Elementalist)  Turns: 543, Time: 00:05:16

Health: -5/45      AC:  7    Str:  5    XL:     9   Next: 3%
Magic:  5/32       EV: 24    Int: 24    God:    Vehumet [***...]
Gold:   0          SH:  0    Dex: 15    Spells: 6 memorised, 17 levels left

rFire  . . .     SeeInvis .     o - +2 rapier (venom)
rCold  . . .     Clarity  .     a - +0 robe
rNeg   . . .     SustAb   .     (no shield)
rPois  .         Gourm    .     (no helmet)
rElec  .         Spirit   .     (no cloak)
rCorr  .         Warding  .     (no gloves)
rMut   .         NoTele   +     p - +0 pair of boots
MR     .....                    (no amulet)
Stlth  ++........               r - +2 ring of protection
                                q - +2 ring of protection

@: very slightly contaminated, not resistant to hostile enchantments, unstealthy
A: no striking features
a: Renounce Religion


You were in the Dungeon.
You worshipped Vehumet.
Vehumet was most pleased with you.
You were not hungry.

You visited 1 branch

Inventory:

Hand weapons
 o - a +2 rapier of venom (weapon)
Armour
 a - a +0 robe (worn)
 p - a +0 pair of boots (worn)
Magical staves
 n - an uncursed staff of energy
Jewellery
 q - a +2 ring of protection (left hand)
 r - a +2 ring of protection (right hand)
Magical devices
 m - a wand of cold (0)
Scrolls
 i - 2 scrolls of blinking
 k - 3 scrolls of remove curse
 l - 2 scrolls of amnesia
Potions
 d - a potion of invisibility
 e - a potion of heal wounds
 f - 4 potions of curing
 g - 4 potions of magic
Books
 b - a book of Flames

   Spells                             Type                      Level
   a - Flame Tongue                   Conjuration/Fire             1
   b - Throw Flame                    Conjuration/Fire             2
   c - Conjure Flame                  Conjuration/Fire             3
   d - Inner Flame                    Hexes/Fire                   3
   e - Sticky Flame                   Conjuration/Fire             4
   f - Fireball                       Conjuration/Fire             5
Comestibles
 c - a bread ration
 h - 4 chunks of flesh


   Skills:
 + Level 17.3 Dodging
 - Level 2.4 Stealth
 - Level 13.7 Spellcasting
 - Level 8.5 Conjurations
 - Level 3.2 Fire Magic


You had 17 spell levels left.
You knew the following spells:

 Your Spells              Type           Power        Failure   Level  Hunger
a - Flame Tongue          Conj/Fire      #####        1%          1    None
b - Throw Flame           Conj/Fire      #####.       1%          2    None
c - Conjure Flame         Conj/Fire      #####...     1%          3    None
d - Inner Flame           Hex/Fire       ###.....     1%          3    None
e - Sticky Flame          Conj/Fire      #####...     1%          4    None
f - Fireball              Conj/Fire      #####.....   3%          5    ###....


Dungeon Overview and Level Annotations

Branches:
Dungeon (1/1)

Altars:
Cheibriados
Dithmenos
Elyvilon
Fedhas
Gozag
Kikubaaqudgha
Makhleb
Nemelex Xobeh
Okawaru
Qazlal
Ru
Sif Muna
Trog
Vehumet
Xom
Yredelemnul
Zin
The Shining One
Beogh
Jiyva
Lugonu


Message History

Unknown command.
Unknown command.
Casting: Fireball
Confirm with . or Enter, or press ? or * to list all spells.
Aiming: Fireball
Press: ? - help, Shift-Dir - straight line, f - gargoyle
Aim: a gargoyle, wielding a mace (almost destroyed)
The fireball explodes!
The fireball engulfs the gargoyle.
You destroy the gargoyle!
Your Dodging skill increases to level 17!
You have reached level 9!
Your experience leads to an increase in your attributes!
Increase (S)trength, (I)ntelligence, or (D)exterity?
You feel clever.
The fireball engulfs the centaur warrior.
The centaur warrior is heavily wounded.
The centaur warrior wields a longbow.
The centaur warrior shoots an arrow.
The arrow hits you!!
Ouch! That really hurt!
You die... ▓▓▓▓▓▓▓▓▓▓▓▓▓▓▓▓▓▓▓▓▓▓▓▓▓▓▓▓▓▓▓▓▓ ___________(...)@[[))c......'.... ▓▓▓▓▓▓▓▓▓▓▓▓▓▓▓▓▓▓▓▓▓▓▓▓▓▓▓▓▓▓▓▓▓

You could see a centaur warrior.

Vanquished Creatures
  A hydra (D)
  A centaur warrior (D)
  A gargoyle (D)
  A hungry ghost (D)
  A yak (D)
  A mottled dragon (D)
  A crimson imp (D)
  An iguana (D)
  An adder (D)
  An adder zombie (D)
  A bat (D)
  A bat skeleton (D)
  2 giant cockroaches (D)
  2 goblins (D)
  A giant newt (D)
  A kobold (D)
  A quokka skeleton (D)
  2 rats (D)
21 creatures vanquished.

Notes
Turn   | Place    | Note
--------------------------------------------------------------
     0 | D        | BluebellGnoll, the Deep Elf Fire Elementalist, began the quest for the Orb.
     0 | D        | Reached XP level 1. HP: 10/10 MP: 5/5
     6 | D        | Reached skill level 4 in Spellcasting
    27 | D        | Reached skill level 5 in Spellcasting
   209 | D        | Noticed an iguana
   215 | D        | Reached skill level 6 in Spellcasting
   215 | D        | Reached XP level 2. HP: 13/15 MP: 2/12
   229 | D        | Learned a level 2 spell: Throw Flame
   232 | D        | Killed an iguana
   232 | D        | Reached skill level 8 in Spellcasting
   232 | D        | Reached XP level 3. HP: 16/19 MP: 1/18
   265 | D        | Found a glowing silver altar of Zin.
   265 | D        | Found a glowing golden altar of the Shining One.
   265 | D        | Found an ancient bone altar of Kikubaaqudgha.
   265 | D        | Found a basalt altar of Yredelemnul.
   265 | D        | Found a shimmering altar of Xom.
   265 | D        | Found a radiant altar of Vehumet.
   265 | D        | Found an iron altar of Okawaru.
   266 | D        | Found a burning altar of Makhleb.
   267 | D        | Found a deep blue altar of Sif Muna.
   268 | D        | Found a bloodstained altar of Trog.
   269 | D        | Found a sparkling altar of Nemelex Xobeh.
   270 | D        | Found a white marble altar of Elyvilon.
   271 | D        | Found a roughly hewn altar of Beogh.
   272 | D        | Found a viscous altar of Jiyva.
   273 | D        | Became a worshipper of Vehumet
   274 | D        | Found a corrupted altar of Lugonu.
   275 | D        | Found a blossoming altar of Fedhas.
   276 | D        | Found a snail-covered altar of Cheibriados.
   277 | D        | Found a shadowy altar of Dithmenos.
   278 | D        | Found a stormy altar of Qazlal.
   279 | D        | Found an opulent altar of Gozag.
   280 | D        | Found a sacrificial altar of Ru.
   321 | D        | Learned a level 3 spell: Conjure Flame
   325 | D        | Learned a level 3 spell: Inner Flame
   362 | D        | Noticed a hungry ghost
   362 | D        | Noticed a yak
   362 | D        | Noticed a crimson imp
   363 | D        | Reached skill level 9 in Spellcasting
   364 | D        | Killed a yak
   364 | D        | Reached skill level 11 in Spellcasting
   364 | D        | Reached XP level 4. HP: 18/24 MP: 20/24
   364 | D        | Reached XP level 5. HP: 21/28 MP: 20/25
   364 | D        | Acquired Vehumet's first power
   364 | D        | Offered knowledge of Sandblast by Vehumet.
   365 | D        | Killed a crimson imp
   365 | D        | Reached skill level 12 in Spellcasting
   375 | D        | Killed a hungry ghost
   375 | D        | Reached skill level 13 in Spellcasting
   375 | D        | Reached XP level 6. HP: 26/32 MP: 24/29
   511 | D        | Learned a level 4 spell: Sticky Flame
   517 | D        | Learned a level 5 spell: Fireball
   517 | D        | Noticed a mottled dragon
   517 | D        | Noticed a seven-headed hydra
   517 | D        | Noticed a centaur warrior
   517 | D        | Noticed a gargoyle
   517 | D        | Noticed a centaur warrior
   521 | D        | Killed a mottled dragon
   521 | D        | Offered knowledge of Freeze by Vehumet.
   534 | D        | Killed a seven-headed hydra
   534 | D        | Reached XP level 7. HP: 20/36 MP: 27/30
   534 | D        | Reached XP level 8. HP: 22/41 MP: 27/31
   542 | D        | Killed a centaur warrior
   542 | D        | Acquired Vehumet's second power
   542 | D        | Reached skill level 16 in Dodging
   543 | D        | Killed a gargoyle
   543 | D        | Reached skill level 17 in Dodging
   543 | D        | Reached XP level 9. HP: 18/45 MP: 5/32
   543 | D        | Shot with an arrow by a centaur warrior

Action                   |  1- 3 |  4- 6 |  7- 9 || total
-------------------------+-------+-------+-------++-------
Melee: Club              |    28 |       |       ||    28
       Unarmed           |     1 |       |       ||     1
       Rapier            |       |     9 |       ||     9
 Cast: Flame Tongue      |    15 |       |       ||    15
       Sticky Flame      |       |     1 |       ||     1
       Fireball          |       |       |     5 ||     5
Evoke: Wand              |     1 |     5 |     1 ||     7
  Use: Potion            |     2 |     1 |     2 ||     5
 Stab: Sleeping          |       |     1 |       ||     1
  Eat: Chunk             |       |     3 |       ||     3
